 Dungeon Crawl Stone Soup version 0.31-a0-1424-g2add1c7226 (webtiles) character file.

Game seed: 16722953994879971050

29154 senseless the Thaumaturge (level 13, -17/76 HPs)
             Began as a Deep Elf Fire Elementalist on Dec 26, 2023.
             Was an Elder of Vehumet.
             Demolished by Mocseve's ghost (32 damage)
             ... on level 2 of the Lair of Beasts.
             The game lasted 01:04:35 (17854 turns).

senseless the Thaumaturge (DEFE)                   Turns: 17854, Time: 01:04:36

Health: -17/76     AC: 14    Str:  5    XL:     13   Next: 13%
Magic:  19/33      EV: 19    Int: 32    God:    Vehumet [****..]
Gold:   935        SH:  0    Dex: 15    Spells: 23/41 levels left

rFire   + + .        w - +4 great sword of Responsibility {venom, rF++ rC+ Will+}
rCold   + . .        (shield currently unavailable)
rNeg    . . .        M - +0 steam dragon scales
rPois   .            j - +2 helmet
rElec   .            a - scarf {repulsion}
rCorr   +            (no gloves)
SInv    .            D - +1 pair of boots
Will    ++...        r - amulet of the acrobat
Stlth   +++++        X - +4 ring of protection
HPRegen 0.32/turn    o - ring of Founkig {^Contam Fly rCorr Int+6}
MPRegen 0.23/turn

%: repel missiles, acrobat
@: about to teleport, flying
A: no striking features
a: Renounce Religion


You were on level 2 of the Lair of Beasts.
You worshipped Vehumet.
Vehumet was greatly pleased with you.
You visited 3 branches of the dungeon, and saw 17 of its levels.

You collected 1129 gold pieces.
You spent 194 gold pieces at shops.

Inventory:

Hand Weapons
 w - the +4 great sword of Responsibility (weapon) {venom, rF++ rC+ Will+}
   (You found it on level 5 of the Dungeon)

   rF++:      It greatly protects you from fire.
   rC+:       It protects you from cold.
   Will+:     It increases your willpower.
Armour
 a - a scarf of repulsion (worn)
 c - an orb of energy
 j - a +2 helmet (worn)
 t - the +2 ring mail of Trial and Error {Rampage rF+++ MP+9}
   (You found it on level 1 of the Lair of Beasts)

   rF+++:     It renders you almost immune to fire.
   MP+9:      It affects your magic capacity (+9).
   Rampage:   It bestows one free step when moving towards enemies.
 D - a +1 pair of boots (worn)
 F - a +1 troll leather armour {Snorg}
 M - +0 steam dragon scales (worn)
 R - a +0 cloak
 T - a +1 robe of cold resistance
Magical Staves
 z - a staff of alchemy
Jewellery
 b - a ring of ice
 e - a +5 ring of evasion
 m - a +5 ring of evasion
 n - a ring of poison resistance
 o - the ring of Founkig (right hand) {^Contam Fly rCorr Int+6}
   (You found it on level 3 of the Dungeon)

   [ring of flight]

   Int+6:     It affects your intelligence (+6).
   Fly:       It grants you flight.
   ^Contam:   It causes magical contamination when unequipped.
   rCorr:     It protects you from acid and corrosion.
 p - an amulet of faith
 q - a ring of ice
 r - an amulet of the acrobat (around neck)
 N - a ring of protection from fire
 S - a ring of ice
 X - a +4 ring of protection (left hand)
 Y - an amulet of regeneration
Wands
 B - a wand of flame (17)
 C - a wand of charming (10)
 E - a wand of iceblast (13)
 J - a wand of polymorph (15)
 K - a wand of acid (16)
 Q - a wand of mindburst (15)
Scrolls
 s - 3 scrolls of amnesia
 u - 2 scrolls of vulnerability
 O - 3 scrolls of teleportation
 U - 2 scrolls of enchant weapon
 V - a scroll of fear
 W - 2 scrolls of identify
 Z - a scroll of brand weapon
Potions
 d - a potion of attraction
 f - 4 potions of might
 g - 6 potions of curing
 h - 4 potions of berserk rage
 i - 3 potions of enlightenment
 k - 3 potions of invisibility
 l - 3 potions of resistance
 v - 2 potions of ambrosia
 x - a potion of heal wounds
 A - 3 potions of brilliance
 G - 2 potions of haste
Miscellaneous
 P - a lightning rod (4/4)


   Skills:
 + Level 6.7 Fighting
 * Level 13.6 Dodging
 + Level 11.0 Stealth
 * Level 14.9 Spellcasting
 + Level 8.7 Conjurations
 + Level 9.3 Fire Magic


You had 23 spell levels left.
You knew the following spells:

 Your Spells              Type           Power      Damage    Failure   Level
a - Foxfire               Conj/Fire      100%       2x1d9     1%          1
b - Scorch                Fire           100%       2d9       1%          2
c - Flame Wave            Conj/Fire      69%        2d16      1%          4
d - Volatile Blastmotes   Fire/Tloc      100%       2d18      1%          3
e - Inner Flame           Hex/Fire       52%        N/A       1%          3
f - Fireball              Conj/Fire      34%        3d14      1%          5

Your spell library contained the following spells:

 Spells                   Type           Power      Damage    Failure   Level
 Ignite Poison            Fire/Alch      52%        N/A       1%          4
 Static Discharge         Conj/Air       100%       3-8/arc   1%          2
 Dazzling Flash           Conj/Hex       100%       N/A       1%          3
 Mephitic Cloud           Conj/Alch/Air  42%        N/A       1%          3
 Cigotuvi's Dreadful Rot  Necr/Alch/Air  46%        N/A       2%          2
 Airstrike                Air            11%        2d(2-18)  5%          4
 Conjure Ball Lightning   Conj/Air       25%        3x3d7     13%         6
 Cause Fear               Hex            11%        N/A       19%         4
 Passage of Golubria      Tloc           23%        N/A       19%         4
 Summon Lightning Spire   Summ/Air       23%        N/A       19%         4
 Agony                    Necr           23%        N/A       45%         5
 Alistair's Intoxication  Alch           15%        N/A       45%         5
 Borgnjor's Vile Clutch   Necr/Erth      11%        N/A       45%         5
 Silence                  Hex/Air        11%        N/A       45%         5
 Summon Forest            Summ/Tloc      11%        N/A       45%         5
 Summon Mana Viper        Hex/Summ       23%        N/A       45%         5
 Eringya's Noxious Bog    Alch           11%        4d6       54%         6
 Summon Cactus Giant      Summ           11%        N/A       96%         6
 Lehudib's Crystal Spear  Conj/Erth      25%        10d7      99%         8
 Dragon's Call            Summ           11%        N/A       100%        9


Dungeon Overview and Level Annotations

Branches:
Dungeon (14/15)            Temple (1/1) D:7            Lair (2/5) D:10
 Shoals (0/4) Lair:2          Orc (0/2) D:12
  Snake: Lair:2-3    Spider: Lair:2-3    Vaults: D:13-14

Altars:
Ashenzari
Cheibriados
Dithmenos
Elyvilon
Fedhas
Gozag
Hepliaklqana
Kikubaaqudgha
Makhleb
Nemelex Xobeh
Okawaru
Qazlal
Ru
Sif Muna
Trog
Uskayaw
Vehumet
Wu Jian
Xom
Yredelemnul
Zin
The Shining One

Shops:
D:3 *(*   D:9 ((   D:10 !*   D:12 ([

Portals:
Trove: D:12 (give 7 scrolls of fear)

Annotations:
Lair:1 2 transporters
Lair:2 Mocseve's ghost, journeyman MiGl


Message History

Mocseve's ghost is moderately damaged.
Mocseve's ghost's fire resistance burns away.
The elephant simulacrum tramples you but does no damage.
The elephant simulacrum completely misses you.
Mocseve's ghost says, "I was once a great warrior, and I still am!"
Mocseve's ghost hits you!!
Flames lash Mocseve's ghost but do no damage.
Mocseve's ghost closely misses you. The elephant simulacrum tramples you!
You hold your ground!
The elephant simulacrum closely misses you.
Mocseve's ghost is no longer more vulnerable to fire.
You are too injured to fight recklessly!
Casting: Scorch (safe; 1% risk of failure)
Confirm with . or Enter, or press ? or * to list all spells.
Flames lash Mocseve's ghost but do no damage.
Mocseve's ghost hits you but does no damage.
Casting: Scorch (safe; 1% risk of failure)
Confirm with . or Enter, or press ? or * to list all spells.
Flames lash Mocseve's ghost but do no damage.
Mocseve's ghost completely misses you.
Casting: Scorch (safe; 1% risk of failure)
Confirm with . or Enter, or press ? or * to list all spells.
Flames lash the elephant simulacrum.
The elephant simulacrum melts!
The elephant simulacrum vaporises!
Vehumet accepts your kill.
You feel your power returning. Mocseve's ghost hits you!!
* * * LOW HITPOINT WARNING * * *
Mocseve's ghost freezes you.
* * * LOW HITPOINT WARNING * * *
Casting: Scorch (safe; 1% risk of failure)
Confirm with . or Enter, or press ? or * to list all spells.
Okay, then.
As you read the scroll of teleportation, it crumbles to dust.
You feel strangely unstable.
Mocseve's ghost hits you but does no damage.
Casting: Scorch (safe; 1% risk of failure)
Confirm with . or Enter, or press ? or * to list all spells.
Flames lash Mocseve's ghost but do no damage.
Mocseve's ghost hits you!!
You die...

## #........# #............. .#
#........# ##.##.......... ##
##......#####.............. #
#.......###........###..... ###
###.....##.....##### ##.... #P#
#....P.....###..... #.... ..#
##.#......##........##... .##
##.###..##....###Z..#.## .# ###
##@#Z...##.Z..k#... .##
#W#†...#.Z...##... ..#
##Z†...##!ZW.k#.... #.##
#..'...#!.=Z..#.... P..#
#..'...#!.Z.#.##... #..###
#..#[..##?. #.k#... ##...######
##P.#....# #..#...
#..##P##.####...##....###...#..#
#................###.......##..#


You could see Mocseve's ghost, a yak simulacrum and a dream sheep simulacrum.

Vanquished Creatures
  Snorg (D:10)
  Fannar (D:11)
  A hydra (D:11)
  Erica (Lair:1)
  A death knight (D:14)
  An ogre mage (D:11)
  2 two-headed ogres
  An orc knight (D:10)
  A cyclops (D:12)
  3 manticores
  4 black mambas
  6 elephants
  6 cane toads
  2 gargoyles
  An unseen horror (D:7)
  3 rime drakes (Lair:2)
  4 komodo dragons
  Psyche (D:8)
  3 trolls
  A queen bee (shapeshifter) (D:11)
  A wind drake (Lair:2)
  5 blink frogs (Lair:1)
  10 slime creatures
  23 yaks
  A vampire (D:10)
  A wraith (D:9)
  Grum (D:11)
  A steam dragon (D:8)
  4 basilisks
  An acid dragon (D:10)
  5 water moccasins
  2 black bears (D:10)
  7 orc warriors
  3 ice beasts
  An ogre (D:5)
  10 wolves
  9 centaurs
  A phantom (D:4)
  8 bullfrogs
  5 scorpions
  4 wights (D:6)
  A blink frog simulacrum (Lair:2)
  An elephant simulacrum (Lair:2)
  10 killer bees
  7 howler monkeys
  4 hounds
  3 jellies
  9 orc priests
  Jessica (D:3)
  3 sleepcaps
  3 iguanas (D:6)
  11 orc wizards
  19 gnolls
  9 adders
  A white imp (D:6)
  2 ufetubi (D:4)
  6 worms (D:2)
  4 dart slugs
  38 orcs
  3 endoplasms
  3 giant cockroaches
  7 goblins
  8 hobgoblins
  8 kobolds
  4 quokkas
  4 ball pythons
  16 bats
  4 frilled lizards
  3 rats
339 creatures vanquished.

Vanquished Creatures (collateral kills)
  3 foxfires
3 creatures vanquished.

Vanquished Creatures (others)
  904 foxfires
904 creatures vanquished.

Grand Total: 1246 creatures vanquished

Notes
Turn   | Place    | Note
-------+----------+-------------------------------------------
     0 | D:1      | senseless the Deep Elf Fire Elementalist began the quest
                  | for the Orb.
     0 | D:1      | Reached XP level 1. HP: 10/10 MP: 6/6
   328 | D:1      | Reached XP level 2. HP: 15/15 MP: 6/8
   803 | D:2      | Learned a level 2 spell: Scorch
   842 | D:2      | Reached XP level 3. HP: 19/19 MP: 1/10
  1302 | D:2      | Reached XP level 4. HP: 24/24 MP: 3/11
  1307 | D:2      | Learned a level 4 spell: Flame Wave
  1433 | D:2      | Reached skill level 4 in Spellcasting
  2041 | D:2      | Reached skill level 1 in Fighting
  2325 | D:3      | Found Cesuk's General Store.
  2363 | D:3      | Bought a scroll of identify for 24 gold pieces
  2363 | D:3      | Bought a scroll of identify for 24 gold pieces
  2363 | D:3      | Bought a scroll of identify for 24 gold pieces
  2363 | D:3      | Bought 2 potions of curing for 72 gold pieces
  2373 | D:3      | Reached XP level 5. HP: 18/29 MP: 8/13
  2451 | D:3      | Found Xiphad's Antique Weapon Boutique.
  2467 | D:3      | Noticed Jessica
  2471 | D:3      | Killed Jessica
  2508 | D:3      | Identified the ring of Founkig {^Contam Fly rCorr Int+6}
  2577 | D:3      | Found Temaclocs's General Store.
  2987 | D:4      | Reached XP level 6. HP: 34/34 MP: 10/15
  3054 | D:4      | Reached skill level 5 in Spellcasting
  3654 | D:4      | Noticed an ice beast
  3660 | D:4      | Killed an ice beast
  3970 | D:5      | Entered Level 5 of the Dungeon
  4058 | D:5      | Reached XP level 7. HP: 39/39 MP: 14/17
  4059 | D:5      | Reached skill level 5 in Dodging
  4185 | D:5      | Reached skill level 6 in Spellcasting
  4515 | D:5      | Reached skill level 5 in Stealth
  4515 | D:5      | Reached XP level 8. HP: 37/45 MP: 15/20
  4570 | D:5      | Identified the +4 great sword of Responsibility {venom,
                  | rF++ rC+ Will+}
  4800 | D:5      | Reached skill level 7 in Spellcasting
  5255 | D:6      | Reached skill level 5 in Fire Magic
  5661 | D:6      | Reached skill level 8 in Spellcasting
  6295 | D:7      | Reached XP level 9. HP: 39/51 MP: 16/23
  6501 | D:7      | Found a blossoming altar of Fedhas.
  6502 | D:7      | Found a shadowy altar of Dithmenos.
  6502 | D:7      | Found a shimmering blue altar of Sif Muna.
  6504 | D:7      | Found a burning altar of Makhleb.
  6504 | D:7      | Found an iron altar of Okawaru.
  6506 | D:7      | Found a bloodstained altar of Trog.
  6506 | D:7      | Found a basalt altar of Yredelemnul.
  6507 | D:7      | Found a snail-covered altar of Cheibriados.
  6827 | D:7      | Found a staircase to the Ecumenical Temple.
  6836 | Temple   | Entered the Ecumenical Temple
  6844 | Temple   | Became a worshipper of Vehumet
  6891 | D:7      | Killed an unseen horror
  6892 | D:7      | Reached skill level 9 in Spellcasting
  7349 | D:8      | Noticed Psyche
  7355 | D:8      | Killed Psyche
  7356 | D:8      | Reached skill level 5 in Conjurations
  7745 | D:8      | Reached XP level 10. HP: 48/56 MP: 1/25
  7746 | D:8      | Reached skill level 10 in Spellcasting
  8093 | D:8      | Learned a level 3 spell: Volatile Blastmotes
  8097 | D:8      | Learned a level 3 spell: Inner Flame
  9219 | D:9      | Reached * piety under Vehumet
  9219 | D:9      | Offered knowledge of Sandblast by Vehumet.
  9375 | D:9      | Found Otsikluchad's Hydra Hut.
  9503 | D:9      | Noticed a five-headed hydra
 10057 | D:9      | Found Zeeletze's Antique Weapon Emporium.
 10313 | D:10     | Entered Level 10 of the Dungeon
 10313 | D:10     | Found Wuhuk's Assorted Antiques.
 10322 | D:10     | Learned a level 5 spell: Fireball
 10325 | D:10     | Bought a scroll of identify for 50 gold pieces
 10351 | D:10     | Noticed a gargoyle
 10352 | D:10     | Noticed an elephant
 10353 | D:10     | Reached skill level 10 in Dodging
 10353 | D:10     | Reached skill level 11 in Spellcasting
 10374 | D:10     | Killed a gargoyle
 10697 | D:10     | Found Pyick's Distillery.
 10733 | D:10     | Noticed an elephant
 10749 | D:10     | Killed an elephant
 11013 | D:10     | Noticed Snorg
 11023 | D:10     | Killed Snorg
 11024 | D:10     | Reached XP level 11. HP: 9/62 MP: 11/28
 11254 | D:10     | Reached skill level 5 in Fighting
 11453 | D:10     | Reached ** piety under Vehumet
 11458 | D:10     | Noticed an orc knight
 11470 | D:10     | Killed an orc knight
 11470 | D:10     | Offered knowledge of Freeze by Vehumet.
 11686 | D:10     | Found a staircase to the Lair.
 12065 | D:11     | Reached skill level 12 in Spellcasting
 12196 | D:11     | Noticed Fannar
 12207 | D:11     | Killed Fannar
 12212 | D:11     | Noticed an ogre mage
 12217 | D:11     | Killed an ogre mage
 12387 | D:11     | Noticed a six-headed hydra
 12394 | D:11     | Killed a six-headed hydra
 12566 | D:11     | Noticed Grum
 12573 | D:11     | Killed Grum
 12821 | D:11     | You are sucked into a shaft and drop 3 floors!
 12828 | D:14     | Noticed a death knight
 12846 | D:14     | Killed a death knight
 12898 | D:14     | Noticed a tengu warrior
 12992 | D:14     | Noticed a brown ugly thing
 12995 | D:14     | Noticed a brown ugly thing
 12995 | D:14     | Noticed a brown ugly thing
 13027 | D:14     | Noticed a two-headed ogre
 13034 | D:14     | Killed a two-headed ogre
 13242 | D:14     | Reached skill level 13 in Spellcasting
 13358 | D:13     | Noticed a centaur warrior
 13363 | D:12     | Found Vusok's Weapon Boutique.
 13364 | D:12     | Found a staircase to the Orcish Mines.
 13377 | D:12     | Reached XP level 12. HP: 43/69 MP: 7/31
 13379 | D:12     | Offered knowledge of Mercury Vapours by Vehumet.
 13385 | D:12     | Found Vuopom's Armour Boutique.
 13672 | D:12     | Noticed a two-headed ogre
 13677 | D:12     | Killed a two-headed ogre
 14239 | D:12     | Reached skill level 10 in Stealth
 14432 | D:12     | Found a portal to a secret trove of treasure.
 14452 | D:12     | Got the Codex of Phantasmal Feathers
 14622 | Lair:1   | Entered Level 1 of the Lair of Beasts
 14624 | Lair:1   | Reached *** piety under Vehumet
 15106 | Lair:1   | Noticed Erica
 15111 | Lair:1   | Killed Erica
 15112 | Lair:1   | Reached skill level 14 in Spellcasting
 15334 | Lair:1   | Offered knowledge of Ignite Poison by Vehumet.
 15734 | Lair:1   | Identified the +2 ring mail of Trial and Error {Rampage
                  | rF+++ MP+9}
 15819 | Lair:1   | Found a transporter.
 15821 | Lair:1   | Found a transporter.
 15822 | Lair:1   | Noticed a rakshasa
 16238 | Lair:2   | Found a stormy altar of Qazlal.
 16242 | Lair:2   | Found a staircase to the Shoals.
 16492 | Lair:1   | HP: 2/71 [cane toad (17)]
 16700 | Lair:1   | Reached XP level 13. HP: 71/76 MP: 23/33
 16809 | Lair:2   | Found a runed translucent gate.
 16810 | Lair:2   | Found a runed translucent gate.
 16813 | Lair:2   | Found a runed translucent gate.
 17069 | Lair:2   | Noticed Mocseve's ghost (journeyman MiGl)
 17844 | Lair:2   | Reached **** piety under Vehumet
 17854 | Lair:2   | Demolished by Mocseve's ghost

Illustrated notes

Levels and vault maps discovered:
D:1:      lightli_arrival_windingriver, layout_basic, serial_bayou_lake_a
D:2:      minmay_diamond_boxcup, layout_basic, minmay_distorted
D:3:      layout_rooms, serial_shops, shop, nicolae_diamond_shop,
          nicolae_shop_crystal, kennysheep_generic_room_4, uniq_jessica
D:4:      layout_gridville, serial_glass, glass_columns_c, glass_columns_a
D:5:      layout_gridville, roderic_batcave, minmay_hedge_maze
D:6:      layout_loops_ring, kennysheep_small_circle, uniq_edmund
D:7:      layout_gridville, grunt_temple_overflow_open,
          minmay_temple_entry_gardened_gates
D:8:      layout_layer_cave, uniq_psyche
D:9:      layout_grid_maze, serial_shops, nicolae_shop_tiny_waterfront,
          enter_bailey_1, doesnt_shop_hydraphobe
D:10:     cheibrodos_orc_bank, layout_grid_maze, grunt_lair_entry_orc_guard_hut,
          serial_shops, nicolae_stop_n_shop_1, nicolae_shop_real_fake_doors,
          uniq_snorg
D:11:     layout_rooms, kb_rosetta, uniq_fannar, uniq_grum
D:12:     layout_loops_ring, orc_david_3, nicolae_trove_entry_free_sample
D:13:     layout_cross, grunt_vaults_entry_tiered, vehumet_crystals
D:14:     layout_loops_ring, chequers_serial_rivers_large_b, ashenzari_altar_1
Temple:   eino_temple_lava
Lair:1:   layout_small_grid, gammafunk_ghost_abyssal_escape, uniq_erica
Lair:2:   layout_cave_pods, minmay_shoals_entry_beasts, gammafunk_ghost_icy,
          basic_altar, lemuel_fruit_tree, lemuel_fruit_fields

Skill      XL: |  1  2  3  4  5  6  7  8  9 10 11 12 13 |
---------------+----------------------------------------+-----
Dodging        | 3 4 6 7 9 10 12 13 | 13.6
Stealth        | 3 4 5 6 7 8 9 10 11 | 11.0
Spellcasting   | 4 5 6 8 9 11 13 14 | 14.9
Fighting       | 1 2 3 4 5 6 |  6.7
Conjurations   | 2 3 4 5 6 7 8 |  8.7
Fire Magic     | 4 5 6 7 8 9 |  9.3

Action                     |  1- 3 |  4- 6 |  7- 9 | 10-12 | 13-15 || total
---------------------------+-------+-------+-------+-------+-------++-------
  Melee: Dagger            |    22 |     9 |       |       |       ||    31
         Great sword       |       |       |     6 |    43 |       ||    49
   Cast: Foxfire           |    81 |   136 |   147 |   155 |    10 ||   529
         Scorch            |     2 |    19 |    72 |   245 |    34 ||   372
         Flame Wave        |       |     1 |     8 |    14 |     1 ||    24
         Fireball          |       |       |       |    41 |     2 ||    43
    Use: Scroll            |       |     8 |     6 |    12 |     2 ||    28
         Potion            |       |       |     1 |     3 |       ||     4
   Stab: Distracted        |       |       |       |     1 |       ||     1
 Armour: Robe              |    11 |    11 |    33 |     2 |       ||    57
         Steam dragon scal |       |       |       |   106 |    16 ||   122
  Dodge: Dodged            |    25 |    29 |    56 |   272 |    25 ||   407

Table legend: (Time is in decaauts)
 A = Elapsed time spent in this place.
 B = Non-inter-level travel time spent in this place.
 C = Inter-level travel time spent in this place.
 D = Time resting spent in this place.
 E = Time spent auto-exploring this place.
 F = Levels seen in this place.
 G = Mean time per level.
                   A        B        C        D        E       F      G
               +--------+--------+--------+--------+--------+-----+--------+
         Total |  17910 |  17349 |    561 |    807 |  14089 |  17 | 1053.5 |
       Dungeon |  14820 |  14357 |    463 |    807 |  11471 |  14 | 1058.6 |
        Temple |     16 |      9 |      7 |      0 |      0 |   1 |   16.0 |
          Lair |   3073 |   2982 |     91 |      0 |   2618 |   2 | 1536.5 |
               +--------+--------+--------+--------+--------+-----+--------+

Top non-repeatable levels by time:
    D:10: 1778 daAuts
     D:8: 1699 daAuts
  Lair:1: 1637 daAuts
     D:9: 1572 daAuts
     D:2: 1561 daAuts
  Lair:2: 1436 daAuts
     D:4: 1123 daAuts
     D:7: 1113 daAuts
    D:12: 1021 daAuts
     D:5: 1004 daAuts
     D:6: 993 daAuts
    D:11: 975 daAuts
     D:1: 749 daAuts
     D:3: 685 daAuts
    D:14: 509 daAuts
